 Dungeon Crawl Stone Soup version 0.30-b1-2-g02819fbbbe (webtiles) character file.

Game seed: 17862274183453201816

658 Alarkh the Slasher (level 7, -6/55 HPs)
             Began as a Demonspawn Chaos Knight on May 21, 2023.
             Was a Plaything of Xom.
             Killed by nerve-wracking pain
             ... invoked by Grinder
              (11 damage)
             ... while paralysed by Grinder
             ... on level 3 of the Dungeon.
             The game lasted 00:04:03 (3253 turns).

Alarkh the Slasher (Demonspawn Chaos Knight)        Turns: 3253, Time: 00:04:04

Health: -6/55      AC:  6    Str: 10 (12) XL:     7   Next: 29%
Magic:  0/7        EV:  2    Int: 13 (16) God:    Xom [..*...]
Gold:   185        SH:  0    Dex: 11 (12) Spells: 6/6 levels left

rFire   . . .        a - +0 falchion (chaos)
rCold   . . .        (no shield)
rNeg    . . .        s - +2 leather armour
rPois   .            o - +0 helmet
rElec   .            (no cloak)
rCorr   .            (no gloves)
SInv    .            (no boots)
Will    .....        g - amulet of Onocuugo {Spirit Stlth+}
Stlth   ++           (no ring)
HPRegen 0.29/turn    (no ring)
MPRegen 0.10/turn

%: guardian spirit
@: paralysed, hasted
A: spiny 2
a: Renounce Religion


You were on level 3 of the Dungeon.
You worshipped Xom.
You were a toy of Xom.
You visited 2 branches of the dungeon, and saw 5 of its levels.

You collected 185 gold pieces.

Inventory:

Hand Weapons
 a - a +0 falchion of chaos (weapon)
 b - a +0 falchion
Armour
 o - a +0 helmet (worn)
 s - a +2 leather armour (worn)
Jewellery
 g - the amulet of Onocuugo (around neck) {Spirit Stlth+}
   (You found it on level 2 of the Dungeon)

   [amulet of guardian spirit]

   It causes incoming damage to be divided between your reserves of health and
   magic.
   Stlth:     It makes you more stealthy.
Wands
 q - a wand of mindburst (16)
Scrolls
 d - a scroll of teleportation
 e - a scroll of magic mapping {unknown}
 f - a scroll of amnesia {unknown}
 i - a scroll of torment {unknown}
 k - a scroll of blinking
 m - a scroll of vulnerability {unknown}
 r - 3 scrolls of identify
Potions
 h - 3 potions of brilliance
 j - a potion of mutation
 l - a potion of curing
Miscellaneous
 c - a piece from Xom's chessboard (12/15) (quivered)


   Skills:
 + Level 4.9 Fighting
 * Level 6.5 Long Blades
 - Level 1.7 Armour
 + Level 2.2 Dodging


You had 6 spell levels left.
You didn't know any spells.
Your spell library was empty.

Dungeon Overview and Level Annotations

Branches:
Dungeon (4/15)             Temple (1/1) D:4

Altars:
Ashenzari
Cheibriados
Dithmenos
Fedhas
Gozag
Hepliaklqana
Makhleb
Okawaru
Qazlal
Ru
Sif Muna
Trog
Uskayaw
Vehumet

Annotations:
D:3 Grinder
D:4 3 runed translucent doors, Alarkh's ghost, amateur DsCK


Innate Abilities, Weirdness & Mutations

You are mostly covered in sharp spines.


Message History

Grinder gestures at you. You resist with significant effort.
You make a move on Xom's chessboard...
Grinder resists with some effort.
Grinder gestures at you. You resist with significant effort.
You make a move on Xom's chessboard...
Grinder seems to grow stronger.
Grinder gestures at you.
You struggle to resist.
You hit Grinder but do no damage. You punch Grinder, but do no damage.
Grinder is moderately wounded.
Grinder hits you.
You writhe in agony.
You are too injured to fight recklessly!
Unknown command.
It was a potion of degeneration.
There was something very wrong with that liquid.
You feel weakened.
You feel dopey.
You feel clumsy. Grinder barely misses you. Grinder gestures at you.
You struggle to resist.
It was a potion of haste.
You feel yourself speed up.
Xom roars with laughter!
Grinder hits you!
* * * LOW HITPOINT WARNING * * *
You writhe in agony.
* * * LOW HITPOINT WARNING * * *
You hit Grinder. Lightning courses through Grinder!
Grinder is severely wounded.
Grinder closely misses you.
You hit Grinder.
Grinder convulses.
Grinder is severely wounded.
Grinder gestures at you.
You suddenly lose the ability to move!
Grinder is struck by your spines. Grinder hits you!
* * * LOW HITPOINT WARNING * * *
You writhe in agony.
* * * LOW HITPOINT WARNING * * *
Grinder gestures at you. Pain shoots through your body!
You die...
Xom laughs nastily!

..# #.# #. #..
#. #.## # ##.#
#..
#.#...####†#
#..........#
#....).##.###
#.........@.#
##......#.#5#
##.#..>#.#.#
#.....!.#.#.#
#...........#
.............#
.#............
#.......#####
###.#...#


You could see Grinder (fast, strong).

Vanquished Creatures
  3 scorpions (D:4)
  A jelly (D:4)
  2 orc priests
  Natasha (thrice) (D:2)
  Terence (D:2)
  Robin (D:4)
  3 adders
  3 worms
  4 orcs
  2 ball pythons (D:4)
  6 endoplasms
  7 giant cockroaches
  11 hobgoblins
  4 quokkas
  A bat (D:1)
  3 frilled lizards
  13 goblins
  4 kobolds
  3 rats
75 creatures vanquished.

Vanquished Creatures (collateral kills)
  Sigmund (D:2)
  Jessica (D:2)
2 creatures vanquished.

Grand Total: 77 creatures vanquished

Notes
Turn   | Place    | Note
-------+----------+-------------------------------------------
     0 | D:1      | Alarkh the Demonspawn Chaos Knight began the quest for the
                  | Orb.
     0 | D:1      | Reached XP level 1. HP: 18/18 MP: 1/1
    33 | D:1      | Reached skill level 1 in Dodging
   109 | D:1      | Reached skill level 3 in Long Blades
   209 | D:1      | XOM: silly message
   258 | D:1      | Gained mutation: You are partially covered in sharp spines.
                  | [demonic ancestry]
   258 | D:1      | Reached XP level 2. HP: 24/24 MP: 2/2
   285 | D:1      | Found a faded altar of an unknown god.
   823 | D:2      | Noticed Jessica
   831 | D:2      | XOM: summons friendly shadow imp
   834 | D:2      | Noticed Sigmund
   835 | D:2      | XOM: silly message
   837 | D:2      | Killed Jessica
   838 | D:2      | Reached XP level 3. HP: 29/29 MP: 3/3
   841 | D:2      | XOM: smoke on damage
   844 | D:2      | XOM: divination: detect creatures
   844 | D:2      | Killed Sigmund
   845 | D:2      | Reached skill level 4 in Long Blades
   845 | D:2      | Reached XP level 4. HP: 17/37 MP: 4/4
   845 | D:2      | Gained mutation: You are mostly covered in sharp spines.
                  | [demonic ancestry]
   845 | D:2      | Reached XP level 5. HP: 20/42 MP: 5/5
   923 | D:2      | XOM: silly message
  1032 | D:2      | Identified the amulet of Onocuugo {Spirit Stlth+}
  1101 | D:2      | Noticed Terence
  1113 | D:2      | Killed Terence
  1114 | D:2      | Reached skill level 5 in Long Blades
  1350 | D:2      | Noticed Natasha
  1355 | D:2      | Killed Natasha
  1356 | D:2      | Reached XP level 6. HP: 42/49 MP: 4/6
  1499 | D:2      | Noticed Natasha
  1499 | D:2      | XOM: potion effect (berserk rage)
  1504 | D:2      | XOM: noise
  1508 | D:2      | Killed Natasha
  1587 | D:2      | XOM: noise
  1724 | D:2      | XOM: cloud trail
  1818 | D:2      | Noticed Natasha
  1824 | D:2      | Killed Natasha
  1862 | D:3      | You fall into a shaft and drop 1 floor!
  1970 | D:4      | Found a staircase to the Ecumenical Temple.
  1981 | Temple   | Entered the Ecumenical Temple
  2251 | D:4      | XOM: enchant monster (bad)
  2285 | D:4      | XOM: cloud trail
  2357 | D:4      | Reached skill level 6 in Long Blades
  2408 | D:4      | Noticed Robin
  2413 | D:4      | Killed Robin
  2693 | D:4      | Noticed Alarkh's ghost (amateur DsCK)
  2701 | D:4      | Found a runed translucent gate.
  2701 | D:4      | Found a runed translucent gate.
  2701 | D:4      | Found a runed translucent gate.
  2707 | D:4      | Identified the +6 sling "Kuitiply" {speed, Dex+2}
  2707 | D:4      | Identified the +0 chain mail "Orchaehi" {rElec}
  2736 | D:4      | XOM: cleaving
  2743 | D:4      | Reached XP level 7. HP: 52/55 MP: 4/7
  3145 | D:4      | XOM: divination: detect creatures
  3233 | D:3      | Noticed Grinder
  3243 | D:3      | XOM: enchant monster (bad)
  3252 | D:3      | Paralysed by Grinder for 5 turns
  3253 | D:3      | Killed from afar by Grinder

Illustrated notes

Levels and vault maps discovered:
D:1:      lightli_arrival_windingriver, layout_basic, serial_glass,
          glass_columns_c, glass_columns_b, glass_columns_a, glass_columns_c,
          hellmonk_ecumenical_altar_run_dry
D:2:      layout_loops_ring, kennysheep_nondescript, minmay_worlds_worst_comb,
          uniq_natasha, uniq_terence, uniq_sigmund, uniq_jessica
D:3:      layout_loops_ring, nicolae_overflow_two_pavilions,
          grunt_decor_arrowhead, uniq_grinder
D:4:      layout_loops_corners, minmay_temple_entry_slanted,
          biasface_ghost_orc_armoury, minmay_diced_spiral, uniq_robin
Temple:   nicolae_temple_bog_church

Skill      XL: |  1  2  3  4  5  6 |
---------------+-------------------+-----
Dodging        | 1 2 |  2.2
Long Blades    | 3 4 5 6 |  6.5
Fighting       | 4 |  4.9
Armour         | |  1.7

Action                     |  1- 3 |  4- 6 |  7- 9 || total
---------------------------+-------+-------+-------++-------
  Melee: Falchion          |    37 |   101 |    37 ||   175
         Punch             |     1 |     1 |     2 ||     4
  Evoke: Piece from Xom's  |       |       |     3 ||     3
    Use: Scroll            |     1 |     2 |       ||     3
         Potion            |       |       |     2 ||     2
   Stab: Sleeping          |       |    11 |       ||    11
 Armour: Leather armour    |    18 |    20 |     8 ||    46
  Dodge: Dodged            |    16 |    35 |    14 ||    65
